 Dungeon Sprint DCSS version 0.19-a0-1889-g9c603be (webtiles) character file.

749 poirepourri the Covert (level 7, -1/33 HPs)
             Began as a Spriggan Enchanter on Oct 17, 2016.
             Was an Initiate of Dithmenos.
             Slain by a human
             ... wielding a +0 whip
              (9 damage)
             ... in the Dungeon (Sprint III: "The Ten Rune Challenge").
             The game lasted 00:02:42 (519 turns).

poirepourri the Covert (Spriggan Enchanter)          Turns: 519, Time: 00:02:43

Health: -1/33      AC:  4    Str:  4    XL:     7   Next: 48%
Magic:  15/19      EV: 24    Int: 17    God:    Dithmenos [......]
Gold:   28         SH:  0    Dex: 18    Spells: 5 memorised, 10 levels left

rFire  . . .     SeeInvis +     a - +1 dagger
rCold  . . .     Gourm    .     b - +1 robe
rNeg   . . .     Faith    .     (shield restricted)
rPois  .         Spirit   .     (helmet restricted)
rElec  .         Reflect  .     i - +0 cloak
rCorr  .         Harm     .     (gloves unavailable)
MR     +....     NoTele   +     (boots unavailable)
Stlth  ++++++....               (no amulet)
                                (no ring)
                                (no ring)

@: very quick
A: unfitting armour, see invisible, herbivore 3, speed 3, slow metabolism 2
a: Renounce Religion


You were in the Dungeon.
You worshipped Dithmenos.
Dithmenos was noncommittal.
You were not hungry.

You visited 1 branch You collected 28 gold pieces.

Inventory:

Hand Weapons
 a - a +1 dagger (weapon)
Armour
 b - a +1 robe (worn)
 i - a +0 cloak (worn)
Wands
 s - a wand of lightning (5/15)
Scrolls
 n - 3 scrolls of remove curse
Potions
 e - 2 potions of curing
 f - a potion of heal wounds
 h - a potion of magic
 k - 2 potions of mutation
 p - 3 potions of cure mutation
 q - a potion of flight
Books
 c - a book of Maledictions

   Spells                             Type                      Level
   a - Corona                         Hexes                        1
   b - Ensorcelled Hibernation        Hexes/Ice                    2
   c - Confuse                        Hexes                        3
   d - Tukima's Dance                 Hexes                        3
   e - Dazzling Spray                 Conjuration/Hexes            3
 g - a book of Minor Magic

   Spells                             Type                      Level
   a - Magic Dart                     Conjuration                  1
   b - Blink                          Translocation                2
   c - Call Imp                       Summoning                    2
   d - Repel Missiles                 Charms/Air                   2
   e - Slow                           Hexes                        2
   f - Conjure Flame                  Conjuration/Fire             3
   g - Mephitic Cloud                 Conjuration/Poison/Air       3
 j - a book of Misfortune

   Spells                             Type                      Level
   a - Confusing Touch                Hexes                        1
   b - Confuse                        Hexes                        3
   c - Gell's Gravitas                Hexes/Translocation          3
   d - Petrify                        Transmutation/Earth          4
   e - Metabolic Englaciation         Hexes/Ice                    5
   f - Yara's Violent Unravelling     Hexes/Transmutation          5
Comestibles
 d - a bread ration
 o - a royal jelly


   Skills:
 + Level 1.4 Fighting
 + Level 3.5 Short Blades
 + Level 8.5 Dodging
 + Level 14.4 Stealth
 + Level 8.4 Spellcasting
 + Level 1.2 Conjurations
 + Level 11.3 Hexes
 + Level 1.9 Ice Magic


You had 10 spell levels left.
You knew the following spells:

 Your Spells              Type           Power        Failure   Level  Hunger
a - Corona                Hex            #####..      1%          1    None
b - Ensorcelled Hibernat  Hex/Ice        ####..       1%          2    None
c - Confuse               Hex            #####...     1%          3    #......
d - Tukima's Dance        Hex            #####...     1%          3    #......
e - Dazzling Spray        Conj/Hex       ####..       2%          3    #......


Dungeon Overview and Level Annotations

Branches:
Dungeon (1/1)

Altars:
Dithmenos
Elyvilon
Kikubaaqudgha
Okawaru
Ru
Sif Muna
Trog
Uskayaw
Vehumet
Yredelemnul
Zin
The Shining One
Beogh


Innate Abilities, Weirdness & Mutations

You are very small and have problems with some larger weapons.
You are too small for most types of armour.
You have supernaturally acute eyesight. (SInv)
You are a herbivore.
You cover ground extremely quickly.
You need consume almost no food.


Message History

The human rages.
The human is no longer blind.
The human hits you with a whip.
There is a hide-covered altar of Uskayaw, spattered with blood here.
You closely miss the human.
The human is severely wounded.
The human completely misses you.
You hit the human but do no damage.
The human is severely wounded.
The human hits you with a whip!
You barely miss the human.
The human is severely wounded.
The human closely misses you. The human completely misses you.
You hit the human.
The human is almost dead.
The human hits you with a whip!
* * * LOW HITPOINT WARNING * * *
You hit the human but do no damage.
The human is almost dead.
The human hits you with a whip!
You die...

▓▓ ▓▓▓ .####
##.############
....#####..#___#_p[#__#
...§.#.%#..#)..#@_.#)_#
##...#..#..###'#'###'##
###..##'#..#..........#
.##[.###...+.⌠........#
##.E####†..#...######+#
##..###....#.⌠.#
#...##.....#...#
....#..)...#'###
..##.#.....#.))#


You could see a human (berserk).

Vanquished Creatures
  A deep elf mage (D)
  A necrophage (D)
  Crazy Yiuf (D)
  Jessica (D)
  A wizard (D)
  A necromancer (D)
  A kobold demonologist (D)
  2 humans (D)
  An ooze (D)
  A rat (D)
11 creatures vanquished.

Vanquished Creatures (others)
  2 draconian scorchers (D)
  6 hellions (D)
  A yaktaur (D)
9 creatures vanquished.

Grand Total: 20 creatures vanquished

Notes
Turn   | Place    | Note
-------+----------+-------------------------------------------
     0 | D        | poirepourri the Spriggan Enchanter began the quest for the Orb.
     0 | D        | Reached XP level 1. HP: 9/9 MP: 5/5
    16 | D        | Reached skill level 5 in Stealth
    63 | D        | Noticed Jessica
    75 | D        | Killed Jessica
    75 | D        | Reached skill level 6 in Stealth
    75 | D        | Reached XP level 2. HP: 11/13 MP: 4/7
    75 | D        | Reached XP level 3. HP: 14/16 MP: 5/9
    79 | D        | Learned a level 2 spell: Ensorcelled Hibernation
    83 | D        | Learned a level 3 spell: Confuse
    87 | D        | Learned a level 3 spell: Tukima's Dance
   105 | D        | Noticed Crazy Yiuf
   113 | D        | Reached skill level 7 in Stealth
   119 | D        | Killed Crazy Yiuf
   119 | D        | Reached skill level 8 in Stealth
   119 | D        | Reached XP level 4. HP: 13/21 MP: 3/11
   194 | D        | Killed a hellion
   214 | D        | Killed a white draconian scorcher
   215 | D        | Killed a hellion
   216 | D        | Killed a hellion
   221 | D        | Killed a hellion
   223 | D        | Killed a white draconian scorcher
   233 | D        | Noticed a water elemental
   279 | D        | Learned a level 3 spell: Dazzling Spray
   280 | D        | Found a radiant altar of Vehumet.
   280 | D        | Found a deep blue altar of Sif Muna.
   280 | D        | Found an ancient bone altar of Kikubaaqudgha.
   280 | D        | Noticed a wizard
   282 | D        | Killed a wizard
   282 | D        | Reached skill level 5 in Dodging
   282 | D        | Reached skill level 5 in Spellcasting
   284 | D        | Reached skill level 9 in Stealth
   298 | D        | Found a glowing silver altar of Zin.
   298 | D        | Found a glowing golden altar of the Shining One.
   298 | D        | Found a white marble altar of Elyvilon.
   299 | D        | Noticed a deep elf mage
   304 | D        | Killed a deep elf mage
   304 | D        | Reached skill level 1 in Fighting
   304 | D        | Reached skill level 13 in Stealth
   304 | D        | Reached skill level 10 in Hexes
   304 | D        | Reached skill level 1 in Ice Magic
   304 | D        | Reached XP level 5. HP: 25/25 MP: 8/16
   304 | D        | Reached XP level 6. HP: 30/30 MP: 8/17
   331 | D        | Killed a yaktaur
   345 | D        | Killed a hellion
   347 | D        | Killed a hellion
   359 | D        | Found a basalt altar of Yredelemnul.
   359 | D        | Found a shadowy altar of Dithmenos.
   359 | D        | Found a sacrificial altar of Ru.
   369 | D        | Reached XP level 7. HP: 32/33 MP: 2/19
   379 | D        | Reached skill level 14 in Stealth
   415 | D        | Became a worshipper of Dithmenos the Shadowed
   505 | D        | Found a hide-covered altar of Uskayaw.
   505 | D        | Found a roughly hewn altar of Beogh.
   505 | D        | Found an iron altar of Okawaru.
   505 | D        | Found a bloodstained altar of Trog.
   505 | D        | Noticed a human
   506 | D        | Noticed a human
   509 | D        | Killed a human
   509 | D        | Reached skill level 1 in Conjurations
   519 | D        | Slain by a human

Vault maps used:
D:        dungeon_sprint_mu

Skill      XL: |  1  2  3  4  5  6  7 |
---------------+----------------------+-----
Stealth        | 6 8 13 14 | 14.4
Hexes          | 6 7 10 11 | 11.3
Dodging        | 4 7 8 |  8.5
Spellcasting   | 3 4 7 8 |  8.4
Short Blades   | 3 |  3.5
Fighting       | 1 |  1.4
Ice Magic      | 1 |  1.9
Conjurations   | 1 |  1.2

Action                   |  1- 3 |  4- 6 |  7- 9 || total
-------------------------+-------+-------+-------++-------
Melee: Dagger            |    15 |     4 |    18 ||    37
 Cast: Corona            |     1 |       |       ||     1
       Ensorcelled Hiber |     3 |     1 |     2 ||     6
       Dazzling Spray    |       |     9 |     2 ||    11
  Use: Potion            |     1 |     2 |       ||     3
       Scroll            |       |     1 |     4 ||     5
 Stab: Sleeping          |     4 |     3 |     1 ||     8
       Invisible         |       |       |     1 ||     1
Armor: Robe              |     1 |       |       ||     1
Dodge: Dodged            |     7 |    10 |    15 ||    32
